 Dungeon Crawl Stone Soup version 0.28.0-45-g0d030f2227 (webtiles) character file.

Game seed: 4421524643174162501

95 McKennaii the Conjurer (level 4, -12/30 HPs)
             Began as a Demonspawn Conjurer on Apr 12, 2022.
             Killed from afar by Ijyb (15 damage)
             ... with an iceblast
             ... on level 3 of the Dungeon.
             The game lasted 00:02:48 (3101 turns).

McKennaii the Conjurer (Demonspawn Conjurer)        Turns: 3101, Time: 00:02:49

Health: -12/30     AC:  2    Str:  7    XL:     4   Next: 40%
Magic:  4/8        EV: 12    Int: 21    God:
Gold:   95         SH:  0    Dex: 12    Spells: 6/9 levels left

rFire   . . .      SeeInvis .   (no weapon)
rCold   . . .      Faith    .   (no shield)
rNeg    . . .      Spirit   .   a - +0 robe
rPois   .          Reflect  .   (no helmet)
rElec   .          Harm     .   (no cloak)
rCorr   .          Rampage  .   (no gloves)
Will    .....                   (no boots)
Stlth   ++........              (no amulet)
HPRegen 0.10/turn               (no ring)
MPRegen 0.11/turn               (no ring)

@: no status effects
A: spiny 1
a: no special abilities


You were on level 3 of the Dungeon.
You visited 1 branch of the dungeon, and saw 3 of its levels.

You collected 95 gold pieces.

Inventory:

Armour
 a - a +0 robe (worn)
 l - a scarf of resistance
Scrolls
 b - 3 scrolls of identify {unknown}
 c - a scroll of enchant weapon {unknown}
 e - a scroll of enchant armour {unknown}
 f - 2 scrolls of teleportation {unknown}
 g - a scroll of silence {unknown}
Potions
 d - a potion of might {unknown}
 h - a potion of haste {unknown}
 i - 2 potions of curing {unknown}
 j - a potion of lignification {unknown}
 k - a potion of mutation {unknown}
 m - a potion of magic {unknown}


   Skills:
 - Level 2.1 Dodging
 - Level 2.2 Stealth
 + Level 3.1 Spellcasting
 + Level 4.8 Conjurations


You had 6 spell levels left.
You knew the following spells:

 Your Spells              Type           Power      Damage    Failure   Level
a - Magic Dart            Conj           92%        1d7       1%          1
b - Searing Ray           Conj           46%        2d6       2%          2

Your spell library contained the following spells:

 Spells                   Type           Power      Damage    Failure   Level
 Dazzling Flash           Conj/Hex       26%        N/A       14%         3
 Fulminant Prism          Conj/Hex       6%         3d7       43%         4
 Iskenderun's Mystic Bla  Conj/Tloc      13%        2d5       43%         4


Dungeon Overview and Level Annotations

Branches:
Dungeon (3/15)

Altars:

Shops:
D:2 :

Annotations:
D:3 Ijyb


Innate Abilities, Weirdness & Mutations

You are partially covered in sharp spines.


Message History

The magic dart hits the hobgoblin.
You kill the hobgoblin!
Magic restored.
There is an open door here.
You see here a hobgoblin corpse.
Found an escape hatch in the floor.
Found 21 arrows.
Key pressed, stopping explore.
You can't see any susceptible monsters within range! (Use Z to cast anyway.)
You open the door.
Found a stone staircase leading down.
You can't see any susceptible monsters within range! (Use Z to cast anyway.)
There is an open door here.
There is a stone staircase leading down here.
There is a stone staircase leading down here.
There is an escape hatch in the floor here.
You open the door.
There is an open door here.
Ijyb the Twisted Goblin comes into view.
She is wielding a +2 dagger of speed and carrying a wand of iceblast (8).
The magic dart hits Ijyb.
Ijyb is lightly wounded.
Ijyb shouts!
Ijyb is nearby!
The magic dart hits Ijyb.
Ijyb is moderately wounded.
Ijyb zaps a wand.
The mass of ice explodes!
The iceblast engulfs you!
Ijyb is nearby!
The magic dart hits Ijyb.
Ijyb is moderately wounded.
Ijyb is nearby!
The magic dart hits Ijyb but does no damage.
Ijyb is moderately wounded.
Ijyb zaps a wand.
The mass of ice explodes!
The iceblast engulfs you!
* * * LOW HITPOINT WARNING * * *
You are too injured to fight recklessly!
Ijyb zaps a wand.
The mass of ice explodes!
The iceblast engulfs you!
* * * LOW HITPOINT WARNING * * *
Ijyb zaps a wand.
The mass of ice explodes!
The iceblast engulfs you!
Ouch! That really hurt!
You die...

#.# #.(...............#. #.#
#..>.........#.##.#. #.#
#...###......#.# .#. . #.#
#...# ##.....#.. ... .. #.#
#...# #.....#####.#
...#.######## #.....# #.#
...........#####.....# #..
#....g.....##....##########.
...........@................
...........##...............
...........##...............
...........##...............
...........######...........
...........# #...........
...######### #...........
... #...........
#...........


You could see Ijyb.

Vanquished Creatures
  Terence (D:2)
  2 adders (D:2)
  2 worms (D:2)
  A dart slug (D:1)
  4 ball pythons
  8 endoplasms
  3 giant cockroaches (D:1)
  3 hobgoblins
  4 jackals (D:2)
  3 kobolds
  3 quokkas
  2 bats (D:1)
  2 frilled lizards
  A goblin (D:1)
  2 rats
41 creatures vanquished.

Notes
Turn   | Place    | Note
-------+----------+-------------------------------------------
     0 | D:1      | McKennaii the Demonspawn Conjurer began the quest for the
                  | Orb.
     0 | D:1      | Reached XP level 1. HP: 13/13 MP: 3/3
   383 | D:1      | Gained mutation: You are partially covered in sharp spines.
                  | [demonic ancestry]
   383 | D:1      | Reached XP level 2. HP: 9/19 MP: 1/5
   700 | D:1      | Found a faded altar of an unknown god.
  1454 | D:2      | Reached XP level 3. HP: 24/24 MP: 0/6
  1859 | D:2      | Learned a level 2 spell: Searing Ray
  1953 | D:2      | Found Cogur's Book Shop.
  2451 | D:3      | Noticed Terence
  2664 | D:3      | Reached XP level 4. HP: 30/30 MP: 6/8
  2799 | D:2      | Killed Terence
  3093 | D:3      | Noticed Ijyb
  3101 | D:3      | Killed from afar by Ijyb

Illustrated notes

Levels and vault maps discovered:
D:1:      nagdon_arrival_double_spiral, layout_basic,
          shapermc_ecumenical_altar_starsandcircs
D:2:      layout_loops_ring, serial_shops, nicolae_shop_crystal, st_stairs_13
D:3:      layout_basic, uniq_terence, uniq_natasha, uniq_ijyb

Skill      XL: |  1  2  3  4 |
---------------+-------------+-----
Dodging        | 2 |  2.1
Stealth        | 2 |  2.2
Spellcasting   | 3 |  3.1
Conjurations   | |  4.8

Action                   |  1- 3 |  4- 6 || total
-------------------------+-------+-------++-------
Melee: Unarmed           |    48 |       ||    48
 Cast: Magic Dart        |    86 |    11 ||    97
       Searing Ray       |       |     2 ||     2
Armor: Robe              |    10 |       ||    10
Dodge: Dodged            |    33 |     3 ||    36
